 Dungeon Crawl Stone Soup version 0.29.1-13-g9f3cf754e1 (webtiles) character file.

Game seed: 1272930828743483732

534 bnorton916 the Magician (level 7, -4/36 HPs)
             Began as a Deep Elf Fire Elementalist on Jan 28, 2023.
             Slain by a sky beast (5 damage)
             ... on level 5 of the Dungeon.
             The game lasted 00:04:56 (6872 turns).

bnorton916 the Magician (DEFE)                      Turns: 6872, Time: 00:04:56

Health: -4/36      AC:  2    Str:  5    XL:     7   Next: 4%
Magic:  12/18      EV: 27    Int: 22    God:
Gold:   212        SH:  0    Dex: 15    Spells: 8/18 levels left

rFire   . . .      SeeInvis .   q - +1 whip (venom)
rCold   . . .      Faith    .   (no shield)
rNeg    . . .      Spirit   .   a - +0 robe
rPois   +          Reflect  .   (no helmet)
rElec   .          Harm     .   (no cloak)
rCorr   .          Rampage  .   (no gloves)
Will    .....                   (no boots)
Stlth   ++........              o - amulet of the acrobat
HPRegen 0.12/turn               d - ring of wizardry
MPRegen 0.16/turn               l - ring of poison resistance

@: acrobatic
A: no striking features
a: no special abilities


You were on level 5 of the Dungeon.
You visited 1 branch of the dungeon, and saw 5 of its levels.

You collected 212 gold pieces.

Inventory:

Hand Weapons
 q - a +1 whip of venom (weapon)
Missiles
 m - 3 poisoned darts
 v - 4 javelins
Armour
 a - a +0 robe (worn)
Jewellery
 d - a ring of wizardry (left hand)
 l - a ring of poison resistance (right hand)
 o - an amulet of the acrobat (around neck)
 t - a ring of wizardry
Scrolls
 c - 3 scrolls of fog {unknown}
 e - 2 scrolls of blinking {unknown}
 g - 3 scrolls of identify {unknown}
 h - a scroll of magic mapping {unknown}
 i - a scroll of poison {unknown}
 k - a scroll of enchant weapon {unknown}
 p - a scroll of silence {unknown}
 r - a scroll of torment {unknown}
 u - a scroll of teleportation {unknown}
Potions
 b - a potion of magic
 f - a potion of might
 j - 2 potions of flight {unknown}
 n - 4 potions of curing {unknown}
 s - a potion of attraction {unknown}


   Skills:
 - Level 2.4 Dodging
 - Level 2.4 Stealth
 + Level 6.4 Spellcasting
 + Level 4.6 Conjurations
 + Level 5.7 Fire Magic


You had 8 spell levels left.
You knew the following spells:

 Your Spells              Type           Power      Damage    Failure   Level
a - Foxfire               Conj/Fire      100%       2x1d9     1%          1
b - Scorch                Fire           64%        2d8       1%          2
c - Conjure Flame         Conj/Fire      29%        6-21      1%          3
d - Flame Wave            Conj/Fire      29%        2d9       4%          4

Your spell library contained the following spells:

 Spells                   Type           Power      Damage    Failure   Level
 Inner Flame              Hex/Fire       19%        N/A       3%          3
 Sublimation of Blood     Necr           7%         N/A       5%          2
 Wereblood                Tmut           7%         N/A       5%          2
 Gell's Gravitas          Tloc           7%         N/A       11%         3
 Lesser Beckoning         Tloc           7%         N/A       11%         3
 Teleport Other           Tloc           7%         N/A       11%         3
 Summon Hydra             Summ           3%         N/A       100%        7


Dungeon Overview and Level Annotations

Branches:
Dungeon (5/15)
 Temple: D:4-7

Altars:
Dithmenos
Hepliaklqana
Okawaru
Qazlal
Sif Muna
Wu Jian
Zin


Message History

The sky beast's fire resistance burns away.
The sky beast closely misses you. The sky beast barely misses you.
Unknown command.
Casting: Scorch (safe; 1% risk of failure)
Confirm with . or Enter, or press ? or * to list all spells.
Flames lash the sky beast.
The sky beast is burned terribly!
The sky beast is almost dead.
The sky beast flickers out of sight!
Deactivating autopickup; reactivate with Ctrl-A.
Something hits you. Something shocks you. Something closely misses you.
Casting: Scorch (safe; 1% risk of failure)
Confirm with . or Enter, or press ? or * to list all spells.
You conjure some foxfire!
Something hits you but does no damage.
The foxfire hits something but does no damage.
The foxfire hits something.
Something barely misses you.
Casting: Foxfire (safe; 1% risk of failure)
Confirm with . or Enter, or press ? or * to list all spells.
You conjure some foxfire!
Something hits you. Something shocks you.
The foxfire hits something but does no damage.
Something hits you. Something shocks you.
* * * LOW HITPOINT WARNING * * *
Unknown command.
Casting: Foxfire (safe; 1% risk of failure)
Confirm with . or Enter, or press ? or * to list all spells.
You can't see any susceptible monsters within range! (Use Z to cast anyway.)
Your foxfire dissipates!
Something barely misses you. Something misses you.
Casting: Foxfire (safe; 1% risk of failure)
Confirm with . or Enter, or press ? or * to list all spells.
You conjure some foxfire!
Something hits you.
* * * LOW HITPOINT WARNING * * *
Something shocks you.
* * * LOW HITPOINT WARNING * * *
The foxfire hits something.
Something hits you.
* * * LOW HITPOINT WARNING * * *
Something shocks you.
You die...

#.##..)....##.........#
#.#
#.##.......##.#.#####.#
#.#
#.###########.......#.#
#.# #.# #...........#.#
#.# #.. #....[........#
#.# ###
...#.###.#..#######.#
.. #..............#.#
.<...####.#######.#.###
.. #@.........~..# ..
#########.#####
.[......# #########


There were no monsters in sight!

Vanquished Creatures
  A black bear (D:5)
  A phantom (D:3)
  A scorpion (D:5)
  A jelly (D:4)
  An orc priest (D:3)
  An iguana (D:4)
  An orc wizard (D:3)
  6 adders
  A shadow imp (D:5)
  3 ufetubi
  2 worms (D:2)
  7 dart slugs
  6 orcs
  8 endoplasms
  3 giant cockroaches
  8 goblins
  12 hobgoblins
  3 jackals (D:3)
  7 kobolds
  2 quokkas
  10 ball pythons
  4 bats
  5 frilled lizards
  6 rats
  4 butterflies (D:1)
104 creatures vanquished.

Vanquished Creatures (collateral kills)
  3 foxfires (D:1)
3 creatures vanquished.

Vanquished Creatures (others)
  479 foxfires
  A plant (D:1)
480 creatures vanquished.

Grand Total: 587 creatures vanquished

Notes
Turn   | Place    | Note
-------+----------+-------------------------------------------
     0 | D:1      | bnorton916 the Deep Elf Fire Elementalist began the quest
                  | for the Orb.
     0 | D:1      | Reached XP level 1. HP: 10/10 MP: 6/6
   476 | D:1      | Reached XP level 2. HP: 15/15 MP: 2/8
   918 | D:1      | Found a faded altar of an unknown god.
  1355 | D:1      | Reached XP level 3. HP: 17/19 MP: 7/10
  1358 | D:1      | Learned a level 2 spell: Scorch
  1817 | D:2      | Reached skill level 4 in Spellcasting
  2585 | D:2      | Reached XP level 4. HP: 24/24 MP: 9/12
  3022 | D:3      | You fall into a shaft and drop 2 floors!
  3022 | D:5      | Entered Level 5 of the Dungeon
  3026 | D:5      | Noticed a scorpion
  3071 | D:3      | Found a shimmering blue altar of Sif Muna.
  3862 | D:4      | Reached XP level 5. HP: 8/28 MP: 7/14
  4437 | D:4      | Learned a level 3 spell: Conjure Flame
  4762 | D:3      | Reached skill level 5 in Spellcasting
  5253 | D:3      | Found a hazy altar of Hepliaklqana.
  5253 | D:3      | Found a shadowy altar of Dithmenos.
  5254 | D:3      | Found a glowing silver altar of Zin.
  5255 | D:3      | Found an ornate altar of the Wu Jian Council.
  5256 | D:3      | Found a stormy altar of Qazlal.
  5257 | D:3      | Found an iron altar of Okawaru.
  5413 | D:3      | Noticed a phantom
  5428 | D:3      | Killed a phantom
  5429 | D:3      | Reached skill level 5 in Fire Magic
  5429 | D:3      | Reached XP level 6. HP: 19/32 MP: 9/16
  6281 | D:5      | Reached skill level 6 in Spellcasting
  6708 | D:5      | Reached XP level 7. HP: 36/36 MP: 11/18
  6713 | D:5      | Learned a level 4 spell: Flame Wave
  6872 | D:5      | HP: 1/36 [something (3)]
  6872 | D:5      | Slain by a sky beast

Illustrated notes

Levels and vault maps discovered:
D:1:      eino_arrival_cavern_e, layout_loops_ring,
          shapermc_ecumenical_altar_acropolis, st_stairs_12,
          chequers_serial_rivers_small_a, dk_noncrumbling_4,
          hangedman_glass_garden
D:2:      layout_loops_ring
D:3:      layout_basic, minitemple, mainiacjoe_overflow_cross_hatched
D:4:      layout_cave_pods
D:5:      layout_basic, temple_green, hangedman_minor_gate_pass

Skill      XL: |  1  2  3  4  5  6 |
---------------+-------------------+-----
Conjurations   | 2 3 4 |  4.6
Spellcasting   | 4 5 6 |  6.4
Fire Magic     | 4 5 |  5.7
Dodging        | |  2.4
Stealth        | |  2.4

Action                   |  1- 3 |  4- 6 |  7- 9 || total
-------------------------+-------+-------+-------++-------
Melee: Unarmed           |     1 |       |       ||     1
 Cast: Foxfire           |   139 |   146 |     4 ||   289
       Scorch            |     8 |    16 |     3 ||    27
  Use: Potion            |       |     1 |       ||     1
Armor: Robe              |     7 |     1 |     1 ||     9
Dodge: Dodged            |     9 |    41 |     9 ||    59
